 Dungeon Crawl Stone Soup version 0.29.1-1-gd02db6906a (webtiles) character file.

Game seed: 15092976704491304622

581 Revguard the Trooper (level 7, -10/72 HPs)
             Began as an Ogre Cinder Acolyte on Sept 16, 2022.
             Was a High Priest of Ignis.
             Mangled by a two-headed ogre
             ... wielding a +0 giant club
              (27 damage)
             ... on level 4 of the Dungeon.
             The game lasted 00:10:35 (4742 turns).

Revguard the Trooper (Ogre Cinder Acolyte)          Turns: 4742, Time: 00:10:36

Health: -10/72     AC:  5    Str: 19    XL:     7   Next: 36%
Magic:  7/11       EV:  9    Int: 15    God:    Ignis [*****.]
Gold:   274        SH:  0    Dex:  6    Spells: 10/12 levels left

rFire   + . .      SeeInvis .   t - +1 flail (protect)
rCold   + . .      Faith    .   (no shield)
rNeg    + . .      Spirit   .   n - +2 robe {rC+}
rPois   .          Reflect  .   (helmet restricted)
rElec   .          Harm     .   (no cloak)
rCorr   .          Rampage  .   (gloves unavailable)
Will    .....                   (boots unavailable)
Stlth   +.........              (no amulet)
HPRegen 0.22/turn               l - ring of positive energy
MPRegen 0.12/turn               (no ring)

@: about to teleport
A: large, unfitting armour, tough skin 1
a: Renounce Religion, Fiery Armour, Foxfire Swarm, Rising Flame


You were on level 4 of the Dungeon.
You worshipped Ignis.
Ignis was extremely pleased with you.
You visited 1 branch of the dungeon, and saw 4 of its levels.

You collected 274 gold pieces.

Inventory:

Hand Weapons
 t - a +1 flail of protection (weapon)
Armour
 n - a +2 robe of cold resistance (worn)
Jewellery
 l - a ring of positive energy (left hand)
Wands
 b - a wand of flame (6)
 m - a wand of quicksilver (6)
 p - a wand of paralysis (4)
 r - a wand of mindburst (10)
Scrolls
 e - 3 scrolls of teleportation
 f - a scroll of fear {unknown}
 h - a scroll of enchant armour
 j - a scroll of poison
 k - a scroll of noise {unknown}
Potions
 a - a potion of might
 c - 2 potions of flight
 d - 3 potions of brilliance
 o - 4 potions of curing
 s - a potion of resistance


   Skills:
 + Level 5.3 Fighting
 * Level 4.6 Maces & Flails
 + Level 1.9 Armour
 + Level 2.1 Dodging
 + Level 3.1 Spellcasting
 + Level 3.5 Fire Magic
 + Level 1.5 Evocations


You had 10 spell levels left.
You knew the following spells:

 Your Spells              Type           Power      Damage    Failure   Level
a - Scorch                Fire           26%        2d6       7%          2

Your spell library contained the following spells:

 Spells                   Type           Power      Damage    Failure   Level


Dungeon Overview and Level Annotations

Branches:
Dungeon (4/15)
 Temple: D:4-7

Altars:
Hepliaklqana
Okawaru
Xom
Zin


Innate Abilities, Weirdness & Mutations

You are too large for most types of armour.
You have tough skin. (AC +1)


Message History

You hear an angry hiss.
Aiming: Paralyse
Press: ? - help, Shift-Dir - straight line, f - two-headed ogre
Aim: a two-headed ogre, wielding two +0 giant clubs (lightly wounded, more vulnerable to fire, chance to affect: 35%)
Okay, then.
Aiming: Mindburst
Press: ? - help, Shift-Dir - straight line, f - two-headed ogre
Aim: a two-headed ogre, wielding two +0 giant clubs (lightly wounded, more vulnerable to fire, chance to affect: 54%)
Okay, then.
Aiming: Quicksilver Bolt
Press: ? - help, Shift-Dir - straight line, f - two-headed ogre
Aim: a two-headed ogre, wielding two +0 giant clubs (lightly wounded, more vulnerable to fire, 86% to hit)
Okay, then.
Aiming: Paralyse
Press: ? - help, Shift-Dir - straight line, f - two-headed ogre
Aim: a two-headed ogre, wielding two +0 giant clubs (lightly wounded, more vulnerable to fire, chance to affect: 35%)
The two-headed ogre easily resists.
The two-headed ogre hits you with a +0 giant club!!
The two-headed ogre completely misses you.
You hear an angry hiss.
Aiming: Quicksilver Bolt
Press: ? - help, Shift-Dir - straight line, f/p - two-headed ogre
Aim: a two-headed ogre, wielding two +0 giant clubs (lightly wounded, more vulnerable to fire, 86% to hit)
The bolt of dispelling energy hits the two-headed ogre!
The two-headed ogre is moderately wounded.
The two-headed ogre's magical effects unravel!
The two-headed ogre hits you with a +0 giant club!
The two-headed ogre hits you with a +0 giant club!!
* * * LOW HITPOINT WARNING * * *
An adder comes into view.
Okay, then.
Okay, then.
As you read the scroll of teleportation, it crumbles to dust.
You feel strangely unstable.
Aiming: Paralyse
Press: ? - help, Shift-Dir - straight line, f/p - two-headed ogre
Aim: a two-headed ogre, wielding two +0 giant clubs (moderately wounded, chance to affect: 35%)
The two-headed ogre easily resists.
The two-headed ogre hits you with a +0 giant club!!
You die...

#...†.............#
#..†#############.#
#..## #. .# #..# .#
# # #..# .#.# #..#
.#.#.# #..## ##.S..
#...###O.#
#......@# ##...####
#####


You could see a two-headed ogre and an adder.

Vanquished Creatures
  Edmund (D:4)
  A phantom (D:4)
  A scorpion (D:4)
  2 orc priests (D:3)
  An iguana (D:4)
  Jessica (D:2)
  Ijyb (D:4)
  An orc wizard (D:3)
  3 gnolls (D:4)
  4 adders (D:4)
  2 ufetubi (D:4)
  2 worms
  A dart slug (D:2)
  10 orcs
  7 ball pythons
  6 bats
  7 endoplasms
  A giant cockroach (D:4)
  6 goblins
  5 hobgoblins
  7 jackals
  7 kobolds
  3 quokkas
  2 frilled lizards (D:2)
82 creatures vanquished.

Notes
Turn   | Place    | Note
-------+----------+-------------------------------------------
     0 | D:1      | Revguard the Ogre Cinder Acolyte began the quest for the
                  | Orb.
     0 | D:1      | Reached XP level 1. HP: 24/24 MP: 2/2
   219 | D:1      | Reached XP level 2. HP: 26/32 MP: 4/4
   313 | D:1      | Learned a level 2 spell: Scorch
   512 | D:1      | Found a faded altar of an unknown god.
  1026 | D:2      | Reached XP level 3. HP: 36/39 MP: 5/5
  1587 | D:2      | Noticed Jessica
  1596 | D:2      | Killed Jessica
  1597 | D:2      | Reached XP level 4. HP: 16/49 MP: 1/6
  1904 | D:2      | Reached skill level 1 in Dodging
  2094 | D:2      | Found a shimmering altar of Xom.
  2466 | D:3      | Reached XP level 5. HP: 53/55 MP: 8/8
  2706 | D:3      | Reached skill level 1 in Armour
  3435 | D:4      | Reached XP level 6. HP: 58/65 MP: 9/9
  3540 | D:4      | Found a glowing silver altar of Zin.
  3540 | D:4      | Noticed an angel
  3640 | D:4      | Found an iron altar of Okawaru.
  3686 | D:4      | Reached skill level 1 in Evocations
  3920 | D:4      | Noticed Ijyb
  3930 | D:4      | Reached skill level 5 in Fighting
  3955 | D:4      | Killed Ijyb
  4183 | D:4      | Noticed Edmund
  4200 | D:4      | Killed Edmund
  4201 | D:4      | Reached XP level 7. HP: 23/72 MP: 1/11
  4437 | D:4      | Found a hazy altar of Hepliaklqana.
  4734 | D:4      | Noticed a two-headed ogre
  4742 | D:4      | Mangled by a two-headed ogre

Illustrated notes

Levels and vault maps discovered:
D:1:      erik_arrival_triangle_medium, layout_basic,
          ebering_ecumenical_altar_ruins, chequers_jeans
D:2:      layout_basic, basic_altar, minmay_tetromino_l4, uniq_jessica
D:3:      layout_basic
D:4:      layout_rooms, nicolae_hepliaklqana_hippocampus, zin_angel,
          okawaru_ov_weapons_minmay, grunt_decor_cap, minmay_manual_maat,
          uniq_edmund, uniq_ijyb

Skill      XL: |  1  2  3  4  5  6 |
---------------+-------------------+-----
Maces & Flails | 3 4 |  4.6
Fire Magic     | 3 |  3.5
Dodging        | 1 2 |  2.1
Spellcasting   | 2 3 |  3.1
Armour         | 1 |  1.9
Evocations     | 1 |  1.5
Fighting       | 5 |  5.3

Action                   |  1- 3 |  4- 6 |  7- 9 || total
-------------------------+-------+-------+-------++-------
Melee: Mace              |    83 |   165 |       ||   248
       Flail             |       |       |     6 ||     6
 Cast: Scorch            |     2 |    20 |     4 ||    26
Evoke: Wand              |       |     9 |     3 ||    12
  Use: Scroll            |     2 |     5 |     2 ||     9
       Potion            |       |     3 |     1 ||     4
 Stab: Betrayed ally     |       |     1 |       ||     1
Armor: Robe              |    33 |    93 |     1 ||   127
Dodge: Dodged            |    41 |   114 |     2 ||   157
